TOP OF THE 1ST |
Wisconsin Rapids Rangers batting - Pitching for Erie Jaxx : RHP Luis De Los Ángeles
|
Pitching: RHP Luis De Los Ángeles
|
|
Batting: LHB Ramón Córdova
|
0-0: Ball 1-0: Called Strike 1-1: Hit by Pitch
|
Batting: RHB Jeffrey Lee
|
0-0: Ball 1-0: Ball 2-0: Swinging Strike 2-1: Foul Ball, location: 2F 2-2: Strikes out looking
|
Batting: RHB Bruce Brooks
|
0-0: Ball 1-0: SINGLE (Line Drive, 7LS) Ramón Córdova to second
|
Batting: RHB Kirk Powell
|
0-0: Ball 1-0: Swinging Strike 1-1: Called Strike Ramón Córdova steals 3rd base Bruce Brooks to second 1-2: Strikes out swinging
|
Batting: RHB John Hursted
|
0-0: Foul Ball, location: 2F 0-1: Ball 1-1: Foul Ball, location: 2F 1-2: Foul Ball, location: 2F 1-2: Ball 2-2: Strikes out looking
|
Top of the 1st over - 0 run(s), 1 hit(s), 0 error(s), 2 left on base; Wisconsin Rapids 0 - Erie 0 |
BOTTOM OF THE 1ST |
Erie Jaxx batting - Pitching for Wisconsin Rapids Rangers : RHP Mike Love
|
Pitching: RHP Mike Love
|
|
Batting: RHB José Estrada
|
0-0: Called Strike 0-1: Swinging Strike 0-2: Foul Ball, location: 2F 0-2: Strikes out swinging
|
Batting: LHB Don Hull
|
0-0: Ball 1-0: Ball 2-0: Ball 3-0: Called Strike 3-1: Foul Ball, location: 2F 3-2: Base on Balls
|
Batting: SHB Keith Shaffer
|
0-0: Called Strike Don Hull steals 2nd base 0-1: Ball 1-1: Foul Ball, location: 2F 1-2: Foul Ball, location: 2F 1-2: Fly out, F7 (Flyball, 7M)
|
Batting: SHB Pedro Martínez
|
0-0: Called Strike 0-1: Fly out, F9 (Flyball, 89D)
|
Bottom of the 1st over - 0 run(s), 0 hit(s), 0 error(s), 1 left on base; Wisconsin Rapids 0 - Erie 0 |
TOP OF THE 2ND |
Wisconsin Rapids Rangers batting - Pitching for Erie Jaxx : RHP Luis De Los Ángeles
|
Batting: RHB Danny Campbell
|
0-0: Ball 1-0: Called Strike 1-1: Ball 2-1: Ground out 6-3 (Groundball, 6M)
|
Batting: RHB James Green
|
0-0: Called Strike 0-1: Foul Ball, location: 2F 0-2: Ball 1-2: Fly out, F8 (Flyball, 78S)
|
Batting: RHB Ray Little
|
0-0: Swinging Strike 0-1: Swinging Strike 0-2: Ball 1-2: Ball 2-2: Strikes out swinging
|
Top of the 2nd over - 0 run(s), 0 hit(s), 0 error(s), 0 left on base; Wisconsin Rapids 0 - Erie 0 |
BOTTOM OF THE 2ND |
Erie Jaxx batting - Pitching for Wisconsin Rapids Rangers : RHP Mike Love
|
Batting: SHB Héctor Barajas
|
0-0: Ball 1-0: Ground out 4-3 (Groundball, 4)
|
Batting: RHB Luis Alou
|
0-0: Ball 1-0: Ball 2-0: Called Strike 2-1: Called Strike 2-2: Ball 3-2: Strikes out swinging
|
Batting: RHB Richard Bankhead
|
0-0: Ball 1-0: SINGLE (Line Drive, 6)
|
Batting: RHB Bo Vickers
|
0-0: Ball 1-0: Called Strike 1-1: Ball 2-1: Ground out 4-3 (Groundball, 4)
|
Bottom of the 2nd over - 0 run(s), 1 hit(s), 0 error(s), 1 left on base; Wisconsin Rapids 0 - Erie 0 |
TOP OF THE 3RD |
Wisconsin Rapids Rangers batting - Pitching for Erie Jaxx : RHP Luis De Los Ángeles
|
Batting: LHB Ron Robinson
|
0-0: Ball 1-0: Ball 2-0: Called Strike 2-1: Ball 3-1: Base on Balls
|
Batting: LHB Ramón Córdova
|
0-0: Called Strike 0-1: SINGLE (Groundball, 6MD) Ron Robinson to second Runner from 2nd tries for 3rd, OUT!
|
Batting: RHB Jeffrey Lee
|
0-0: Ball 1-0: Fly out, F7 (Flyball, 78M)
|
Batting: RHB Bruce Brooks
|
0-0: SINGLE (Groundball, 6MD) Ramón Córdova to second Runner from 2nd tries for 3rd, SAFE, no throw or cutoff
|
Batting: RHB Kirk Powell
|
0-0: Ball 1-0: Foul Ball, location: 2F 1-1: Swinging Strike 1-2: Strikes out looking
|
Top of the 3rd over - 0 run(s), 2 hit(s), 0 error(s), 2 left on base; Wisconsin Rapids 0 - Erie 0 |
BOTTOM OF THE 3RD |
Erie Jaxx batting - Pitching for Wisconsin Rapids Rangers : RHP Mike Love
|
Batting: RHB Steve Clifton
|
0-0: Called Strike 0-1: DOUBLE (Flyball, 89M)
|
Batting: RHB José Estrada
|
0-0: Foul Ball, location: 2F 0-1: SINGLE (Groundball, 6MD) Steve Clifton to third
|
Batting: LHB Don Hull
|
0-0: Ball 1-0: Ball 2-0: Ball 3-0: Called Strike 3-1: Called Strike 3-2: Base on Balls José Estrada to second
|
Batting: SHB Keith Shaffer
|
0-0: Ball 1-0: Ball 2-0: Ball 3-0: Base on Balls Steve Clifton scores José Estrada to third Don Hull to second
|
Batting: SHB Pedro Martínez
|
0-0: Ball 1-0: Ball 2-0: Fly out, F8 (Flyball, 8LXD) Runner from 3rd tags up, SCORES, no throw Don Hull to third
|
Batting: SHB Héctor Barajas
|
0-0: Ball 1-0: Fly out, F8 (Flyball, 8LS)
|
Batting: RHB Luis Alou
|
0-0: Ball 1-0: Called Strike 1-1: Fielders Choice at 2nd, 5-4 (Groundball, 5)
|
Bottom of the 3rd over - 2 run(s), 2 hit(s), 0 error(s), 1 left on base; Wisconsin Rapids 0 - Erie 2 |
TOP OF THE 4TH |
Wisconsin Rapids Rangers batting - Pitching for Erie Jaxx : RHP Luis De Los Ángeles
|
Batting: RHB John Hursted
|
0-0: Called Strike 0-1: Ball 1-1: Ball 2-1: Ball 3-1: Swinging Strike 3-2: Base on Balls
|
Batting: RHB Danny Campbell
|
0-0: Ball 1-0: Ball 2-0: Called Strike 2-1: Foul Ball, location: 2F 2-2: Foul Ball, location: 2F 2-2: Strikes out swinging
|
Batting: RHB James Green
|
0-0: Ball 1-0: Called Strike 1-1: SINGLE (Line Drive, 6) John Hursted to second
|
Batting: RHB Ray Little
|
0-0: Ball 1-0: Called Strike 1-1: Ball 2-1: Ball 3-1: Base on Balls John Hursted to third James Green to second
|
Batting: LHB Ron Robinson
|
0-0: DOUBLE (Flyball, 9D) John Hursted scores James Green scores Ray Little to third
|
Batting: LHB Ramón Córdova
|
0-0: Fly out, F6 (Popup, 6MD)
|
Batting: RHB Jeffrey Lee
|
0-0: Swinging Strike 0-1: Ball 1-1: Called Strike 1-2: Foul Ball, location: 2F 1-2: Ball 2-2: Ball 3-2: Foul Ball, location: 2F 3-2: Foul Ball, location: 2F 3-2: Strikes out swinging
|
Top of the 4th over - 2 run(s), 2 hit(s), 0 error(s), 2 left on base; Wisconsin Rapids 2 - Erie 2 |
BOTTOM OF THE 4TH |
Erie Jaxx batting - Pitching for Wisconsin Rapids Rangers : RHP Mike Love
|
Batting: RHB Richard Bankhead
|
0-0: DOUBLE (Groundball, 5L)
|
Batting: RHB Bo Vickers
|
0-0: Foul Ball, location: 2F 0-1: Ball 1-1: Ground out 4-3 (Groundball, 4) Richard Bankhead to third
|
Batting: RHB Steve Clifton
|
0-0: Ball 1-0: Ball 2-0: Called Strike 2-1: Foul Ball, location: 2F 2-2: Foul Ball, location: 2F 2-2: Strikes out looking
|
Batting: RHB José Estrada
|
0-0: Ball 1-0: Swinging Strike 1-1: Ball 2-1: SINGLE (Groundball, 6D) Richard Bankhead scores
|
Batting: LHB Don Hull
|
0-0: Ball 1-0: Ball José Estrada steals 2nd base 2-0: Called Strike 2-1: Reached on error, E6 (Groundball, 6) José Estrada to third
|
Batting: SHB Keith Shaffer
|
0-0: Ball Don Hull is caught stealing 2nd base
|
Bottom of the 4th over - 1 run(s), 2 hit(s), 1 error(s), 0 left on base; Wisconsin Rapids 2 - Erie 3 |
TOP OF THE 5TH |
Wisconsin Rapids Rangers batting - Pitching for Erie Jaxx : RHP Luis De Los Ángeles
|
Batting: RHB Bruce Brooks
|
0-0: Called Strike 0-1: Called Strike 0-2: Fly out, F6 (Popup, 6)
|
Batting: RHB Kirk Powell
|
0-0: Ball 1-0: Reached on error, E5 (Groundball, 5S)
|
Batting: RHB John Hursted
|
0-0: Ball 1-0: Ball 2-0: Ball 3-0: Called Strike 3-1: Foul Ball, location: 2F 3-2: Base on Balls Kirk Powell to second
|
Pitching: LHP Mike Baker
|
|
Batting: RHB Danny Campbell
|
0-0: DOUBLE (Flyball, 8LXD) Kirk Powell scores John Hursted to third
|
Batting: RHB James Green
|
0-0: Called Strike 0-1: Ball 1-1: Ball 2-1: Swinging Strike 2-2: Ground out 5-3 (Groundball, 5S)
|
Batting: RHB Ray Little
|
0-0: Ball 1-0: Swinging Strike 1-1: Foul Ball, location: 2F 1-2: Ball 2-2: Foul Ball, location: 2F 2-2: Foul Ball, location: 2F 2-2: Strikes out looking
|
Top of the 5th over - 1 run(s), 1 hit(s), 1 error(s), 2 left on base; Wisconsin Rapids 3 - Erie 3 |
BOTTOM OF THE 5TH |
Erie Jaxx batting - Pitching for Wisconsin Rapids Rangers : RHP Mike Love
|
Batting: SHB Keith Shaffer
|
0-0: Called Strike 0-1: Foul Ball, location: 2F 0-2: Foul Ball, location: 2F 0-2: Foul Ball, location: 2F 0-2: Foul Ball, location: 2F 0-2: Ball 1-2: Ball 2-2: SINGLE (Popup, 8RS)
|
Batting: SHB Pedro Martínez
|
0-0: Ball 1-0: Called Strike 1-1: Ball 2-1: Grounds into double play, 4-6-3 (Groundball, 4)
|
Batting: SHB Héctor Barajas
|
0-0: Ball 1-0: Ball 2-0: Fly out, F7 (Flyball, 7LM)
|
Bottom of the 5th over - 0 run(s), 1 hit(s), 0 error(s), 0 left on base; Wisconsin Rapids 3 - Erie 3 |
TOP OF THE 6TH |
Wisconsin Rapids Rangers batting - Pitching for Erie Jaxx : LHP Mike Baker
|
Batting: LHB Ron Robinson
|
0-0: Called Strike 0-1: Called Strike 0-2: Ground out U3 (Groundball, 3)
|
Batting: LHB Ramón Córdova
|
0-0: Ball 1-0: Ball 2-0: Ball 3-0: Foul Ball, location: 2F 3-1: Foul Ball, location: 2F 3-2: Foul Ball, location: 2F 3-2: Base on Balls
|
Batting: RHB Jeffrey Lee
|
0-0: Ball 1-0: Ball 2-0: Called Strike 2-1: Called Strike 2-2: SINGLE (Line Drive, 89M) Ramón Córdova to second
|
Batting: RHB Bruce Brooks
|
0-0: Ball 1-0: Ball 2-0: Foul Ball, location: 2F 2-1: Foul Ball, location: 2F 2-2: Ball 3-2: Foul Ball, location: 2F 3-2: DOUBLE (Flyball, 89XD) Ramón Córdova scores Jeffrey Lee to third Runner from 3rd tries for Home, throw and OUT!
|
Batting: RHB Kirk Powell
|
0-0: Ball 1-0: Called Strike 1-1: Foul Ball, location: 2F 1-2: Ball 2-2: Foul Ball, location: 2F 2-2: Ball 3-2: Foul Ball, location: 2F 3-2: Base on Balls
|
Batting: RHB John Hursted
|
0-0: Ball 1-0: Called Strike 1-1: Ball 2-1: Ground out 4-3 (Groundball, 34)
|
Top of the 6th over - 1 run(s), 2 hit(s), 0 error(s), 2 left on base; Wisconsin Rapids 4 - Erie 3 |
BOTTOM OF THE 6TH |
Erie Jaxx batting - Pitching for Wisconsin Rapids Rangers : RHP Mike Love
|
Batting: RHB Luis Alou
|
0-0: Ground out 4-3 (Groundball, 4M)
|
Batting: RHB Richard Bankhead
|
0-0: Called Strike 0-1: Ball 1-1: Swinging Strike 1-2: Foul Ball, location: 2F 1-2: Fly out, F8 (Flyball, 8RM)
|
Batting: RHB Bo Vickers
|
0-0: Ball 1-0: Ground out 5-3 (Groundball, 56)
|
Bottom of the 6th over - 0 run(s), 0 hit(s), 0 error(s), 0 left on base; Wisconsin Rapids 4 - Erie 3 |
TOP OF THE 7TH |
Wisconsin Rapids Rangers batting - Pitching for Erie Jaxx : LHP Mike Baker
|
Pitching: LHP Dexter Browning
|
|
Batting: RHB Danny Campbell
|
0-0: Ground out 6-3 (Groundball, 6)
|
Batting: RHB James Green
|
0-0: Foul Ball, location: 2F 0-1: Ball 1-1: Foul Ball, location: 2F 1-2: Strikes out swinging
|
Batting: RHB Ray Little
|
0-0: Called Strike 0-1: Ball 1-1: Foul Ball, location: 2F 1-2: Ground out 4-3 (Groundball, 4)
|
Top of the 7th over - 0 run(s), 0 hit(s), 0 error(s), 0 left on base; Wisconsin Rapids 4 - Erie 3 |
BOTTOM OF THE 7TH |
Erie Jaxx batting - Pitching for Wisconsin Rapids Rangers : RHP Mike Love
|
Batting: RHB Steve Clifton
|
0-0: Fly out, F3 (Popup, 3S)
|
Batting: RHB José Estrada
|
0-0: Ball 1-0: Ball 2-0: Fly out, F9 (Popup, 4D)
|
Batting: LHB Don Hull
|
0-0: Ball 1-0: Ball 2-0: Foul Ball, location: 2F 2-1: Ball 3-1: SINGLE (Groundball, 4MD) (infield hit)
|
Batting: SHB Keith Shaffer
|
0-0: Called Strike 0-1: Swinging Strike 0-2: Foul Ball, location: 2F 0-2: Ball 1-2: Ball Don Hull steals 2nd base 2-2: Foul Ball, location: 2F 2-2: 2-RUN HOME RUN (Flyball, 7D), Distance : 353 ft
|
Batting: SHB Pedro Martínez
|
0-0: Ball 1-0: Foul Ball, location: 2F 1-1: Ball 2-1: Ball 3-1: Base on Balls
|
Pitching: RHP Ramiro Maestas
|
|
Pinch Hitting: LHB Jesús González
|
0-0: SINGLE (Line Drive, 78M) Pedro Martínez to second
|
Pitching: LHP Russell Neal
|
|
Batting: RHB Luis Alou
|
0-0: Ball 1-0: Ball 2-0: DOUBLE (Line Drive, 9LS) Pedro Martínez scores Jesús González to third Runner from 3rd tries for Home, SAFE, no throw or cutoff
|
Pitching: LHP Jorge Martínez
|
|
Batting: RHB Richard Bankhead
|
0-0: Swinging Strike 0-1: Ground out 5-3 (Groundball, 56S)
|
Bottom of the 7th over - 4 run(s), 4 hit(s), 0 error(s), 1 left on base; Wisconsin Rapids 4 - Erie 7 |
TOP OF THE 8TH |
Wisconsin Rapids Rangers batting - Pitching for Erie Jaxx : LHP Dexter Browning
|
Now at SS: Guaspar Vasche
|
|
Batting: LHB Ron Robinson
|
0-0: Ball 1-0: Ball 2-0: Ball 3-0: Base on Balls
|
Batting: LHB Ramón Córdova
|
0-0: Called Strike 0-1: Called Strike 0-2: Ball 1-2: Strikes out looking
|
Batting: RHB Jeffrey Lee
|
0-0: Swinging Strike 0-1: Swinging Strike 0-2: Ball 1-2: Ball 2-2: Strikes out swinging
|
Batting: RHB Bruce Brooks
|
0-0: Foul Ball, location: 2F 0-1: Swinging Strike 0-2: Ball 1-2: Foul Ball, location: 2F 1-2: Foul Ball, location: 2F 1-2: Fly out, F3 (Popup, 23F)
|
Top of the 8th over - 0 run(s), 0 hit(s), 0 error(s), 1 left on base; Wisconsin Rapids 4 - Erie 7 |
BOTTOM OF THE 8TH |
Erie Jaxx batting - Pitching for Wisconsin Rapids Rangers : LHP Jorge Martínez
|
Batting: RHB Bo Vickers
|
0-0: SINGLE (Groundball, 4M)
|
Batting: RHB Steve Clifton
|
0-0: Bunt missed! 0-1: Bunted foul 0-2: Ball 1-2: Foul Ball, location: 2F 1-2: Grounds into double play, 5-4-3 (Groundball, 5L)
|
Batting: RHB José Estrada
|
0-0: Ball 1-0: Swinging Strike 1-1: Fly out, F9 (Flyball, 9S)
|
Bottom of the 8th over - 0 run(s), 1 hit(s), 0 error(s), 0 left on base; Wisconsin Rapids 4 - Erie 7 |
TOP OF THE 9TH |
Wisconsin Rapids Rangers batting - Pitching for Erie Jaxx : LHP Dexter Browning
|
Batting: RHB Kirk Powell
|
0-0: Fly out, F9 (Flyball, 9LD)
|
Batting: RHB John Hursted
|
0-0: Foul Ball, location: 2F 0-1: Ball 1-1: Foul Ball, location: 2F 1-2: Ball 2-2: Foul Ball, location: 2F 2-2: Strikes out swinging
|
Batting: RHB Danny Campbell
|
0-0: Ball 1-0: Ground out 4-3 (Groundball, 34)
|
Top of the 9th over - 0 run(s), 0 hit(s), 0 error(s), 0 left on base; Wisconsin Rapids 4 - Erie 7 |
|